 Dungeon Crawl Stone Soup version 0.30.1-4-g462c640d31 (webtiles) character file.

Game seed: 6386705214962833112

252 Logoto the Firebug (level 5, -1/40 HPs)
             Began as a Draconian Fire Elementalist on Aug 21, 2023.
             Succumbed to a scorpion's poison
             ... on level 4 of the Dungeon.
             The game lasted 00:12:28 (4723 turns).

Logoto the Firebug (Draconian Fire Elementalist)    Turns: 4723, Time: 00:12:29

Health: -1/40      AC:  5    Str: 12    XL:     5   Next: 89%
Magic:  9/9        EV: 12    Int: 15    God:
Gold:   317        SH:  0    Dex: 12    Spells: 7/10 levels left

rFire   . . .        l - +2 short sword (holy)
rCold   . . .        (no shield)
rNeg    . . .        (body armour unavailable)
rPois   .            (helmet restricted)
rElec   .            (no cloak)
rCorr   .            (no gloves)
SInv    .            (no boots)
Will    .....        v - amulet of the acrobat
Stlth   ++           (no ring)
HPRegen 0.26/turn    (no ring)
MPRegen 0.11/turn

%: acrobat
@: lethally poisoned (-1 -> -15)
A: AC +5, unfitting armour, cold-blooded
a: no special abilities


You were on level 4 of the Dungeon.
You visited 1 branch of the dungeon, and saw 5 of its levels.

You collected 317 gold pieces.

Inventory:

Hand Weapons
 d - a +0 short sword
 i - a +0 halberd
 k - a +0 whip
 l - a +2 short sword of holy wrath (weapon)
Missiles
 e - 33 stones
Jewellery
 o - a ring of fire
 v - an amulet of the acrobat (around neck)
Wands
 t - a wand of flame (23)
Scrolls
 c - 2 scrolls of noise {unknown}
 g - 2 scrolls of teleportation {unknown}
 h - 4 scrolls of poison {unknown}
 j - 2 scrolls of amnesia {unknown}
 m - a scroll of magic mapping {unknown}
 n - a scroll of immolation {unknown}
 q - 4 scrolls of identify {unknown}
Potions
 a - a potion of magic
 b - 4 potions of curing {unknown}
 f - a potion of brilliance {unknown}
 p - a potion of mutation {unknown}
 r - 2 potions of heal wounds {unknown}
 s - a potion of ambrosia {unknown}
 u - a potion of haste {unknown}


   Skills:
 + Level 1.0 Fighting
 + Level 1.8 Short Blades
 + Level 0.8 Polearms
 + Level 2.6 Dodging
 + Level 2.4 Stealth
 + Level 3.2 Spellcasting
 + Level 1.7 Conjurations
 + Level 4.2 Fire Magic


You had 7 spell levels left.
You knew the following spells:

 Your Spells              Type           Power      Damage    Failure   Level
a - Foxfire               Conj/Fire      44%        2x1d6     6%          1
b - Scorch                Fire           30%        2d6       5%          2

Your spell library contained the following spells:

 Spells                   Type           Power      Damage    Failure   Level
 Magic Dart               Conj           28%        1d4       10%         1
 Searing Ray              Conj           14%        2d5       14%         2
 Summon Small Mammal      Summ           8%         N/A       21%         1
 Inner Flame              Hex/Fire       8%         N/A       26%         3
 Volatile Blastmotes      Fire/Tloc      16%        2d11      26%         3
 Flame Wave               Conj/Fire      11%        2d6       50%         4
 Call Canine Familiar     Summ           2%         N/A       52%         3
 Summon Guardian Golem    Hex/Summ       2%         N/A       52%         3
 Fulminant Prism          Conj/Hex       2%         3d5       80%         4


Dungeon Overview and Level Annotations

Branches:
Dungeon (5/15)
 Temple: D:4-7

Altars:
Elyvilon
Sif Muna
Vehumet
Wu Jian

Shops:
D:2 =


Innate Abilities, Weirdness & Mutations

Your plain brown scales are hard. (AC +5)
You cannot fit into any form of body armour.
You are cold-blooded and may be slowed by cold attacks.


Message History

You start resting.
Magic restored.
You climb downwards.
The gnoll hits you with a +0 halberd! The gnoll closely misses you.
There is a stone staircase leading up here.
The gnoll hits you from afar with a +0 spear.
The gnoll hits you with a +0 halberd.
You climb upwards.
There is a stone staircase leading down here.
Casting: Scorch (safe; 5% risk of failure)
Confirm with . or Enter, or press ? or * to list all spells.
Flames lash the gnoll.
The gnoll is severely wounded.
The gnoll's fire resistance burns away.
The gnoll barely misses you.
Casting: Scorch (safe; 5% risk of failure)
Confirm with . or Enter, or press ? or * to list all spells.
Flames lash the gnoll.
The gnoll is burned terribly!
You kill the gnoll!
You start resting.
Magic restored.
You start resting.
HP restored.
You climb downwards.
The gnoll hits you from afar with a +0 spear.
The gnoll hits you with a +0 whip. The gnoll sergeant barely misses you.
The gnoll closely misses you.
The gnoll sergeant hits you with a +0 trident of venom!
You are poisoned.
The gnoll hits you with a +0 whip.
There is a stone staircase leading up, spattered with blood here.
You feel sick. The scorpion stings you.
You are more poisoned.
The scorpion poisons you!
The gnoll hits you from afar with a +0 spear.
* * * LOW HITPOINT WARNING * * *
The gnoll hits you with a +0 whip!
* * * LOW HITPOINT WARNING * * *
The gnoll sergeant closely misses you.
You climb upwards.
You die...

####### ##.....## ##.......##
#.........# #.........# #########
#.........# #....g.)# #.........#
#....g@.# #.........# #.......#
##.......##
###########.......#####.........#
.....#.....~~.P♣♣♣P.~≈#.........#
...........~~P..P..P~~#.........#
............P.♣♣.♣♣PP.#..........
.............♣♣P.P♣♣..#.........#
......b....♣.♣....P♣.♣..........#
...........♣...._...P♣###.....#.#


You could see a gnoll sergeant and a gnoll.

Vanquished Creatures
  2 iguanas (D:4)
  9 gnolls
  5 adders
  2 worms
  3 dart slugs
  An orc (D:3)
  7 endoplasms
  5 goblins
  5 hobgoblins (D:1)
  2 jackals (D:3)
  5 kobolds
  A quokka (D:1)
  6 ball pythons
  7 bats
  6 frilled lizards
  3 rats
69 creatures vanquished.

Vanquished Creatures (others)
  82 foxfires
82 creatures vanquished.

Grand Total: 151 creatures vanquished

Notes
Turn   | Place    | Note
-------+----------+-------------------------------------------
     0 | D:1      | Logoto the Draconian Fire Elementalist began the quest for
                  | the Orb.
     0 | D:1      | Reached XP level 1. HP: 14/14 MP: 3/3
   241 | D:1      | Reached XP level 2. HP: 20/20 MP: 3/5
   244 | D:1      | Learned a level 2 spell: Scorch
  1668 | D:1      | Reached XP level 3. HP: 15/26 MP: 1/6
  1728 | D:2      | HP: 1/26 [gnoll/+0 halberd (12)]
  2027 | D:2      | Reached skill level 1 in Short Blades
  2316 | D:2      | Reached XP level 4. HP: 34/34 MP: 7/7
  2445 | D:2      | Found Giesoxt's Jewellery Shop.
  2705 | D:2      | Found a faded altar of an unknown god.
  3514 | D:3      | Reached XP level 5. HP: 38/39 MP: 1/9
  3516 | D:3      | Reached skill level 4 in Fire Magic
  3972 | D:4      | Identified the +9 rapier "Hydraslayer" {venom, rElec rCorr
                  | Str+2 SInv Stlth-}
  4098 | D:4      | Found a radiant altar of Vehumet.
  4111 | D:4      | Found an ornate altar of the Wu Jian Council.
  4289 | D:4      | Found a white marble altar of Elyvilon.
  4563 | D:5      | Entered Level 5 of the Dungeon
  4563 | D:5      | Found a shimmering blue altar of Sif Muna.
  4567 | D:5      | Reached skill level 1 in Fighting
  4722 | D:5      | HP: 2/40 [gnoll/+0 whip[a gnoll sergeant] (7)]
  4723 | D:4      | Succumbed to a scorpion's poison

Illustrated notes

Levels and vault maps discovered:
D:1:      dpeg_arrival_rooms_with_view, layout_basic
D:2:      layout_loops_ring, shapermc_ecumenical_altar_ellora, serial_shops,
          shop, minmay_gold_behind_fungi, minmay_bisected
D:3:      layout_rooms, grunt_ministairs_12, hangedman_feature_mirror,
          nicolae_titane
D:4:      layout_rooms, nicolae_elyvilon_peaceful_grove,
          mainiacjoe_overflow_swirl
D:5:      layout_loops_ring, overflow_temple_1_default,
          minmay_temple_entry_arrows, serial_bayou, serial_bayou_shore_a,
          serial_bayou_crossing, serial_bayou_lagoon_a, serial_bayou_pond_a,
          serial_bayou_lake_a, grunt_decor_junction, uniq_duvessa,
          uniq_blork_the_orc

Skill      XL: |  1  2  3  4  5 |
---------------+----------------+-----
Dodging        | 2 |  2.6
Stealth        | 2 |  2.4
Short Blades   | 1 |  1.8
Fire Magic     | 4 |  4.2
Spellcasting   | 3 |  3.2
Fighting       | 1 |  1.0
Polearms       | |  0.8
Conjurations   | |  1.7

Action                     |  1- 3 |  4- 6 || total
---------------------------+-------+-------++-------
  Melee: Short sword       |    78 |    70 ||   148
         Tailslap          |     7 |     7 ||    14
         Unarmed           |     1 |       ||     1
         Halberd           |    30 |       ||    30
   Cast: Foxfire           |    19 |    34 ||    53
         Scorch            |    14 |    12 ||    26
   Stab: Sleeping          |     1 |     2 ||     3
 Armour: Skin              |    58 |    15 ||    73
  Dodge: Dodged            |   132 |    65 ||   197
